 Dungeon Crawl Stone Soup version 0.29-a0-551-gffc1d7fb78 (webtiles) character file.

Game seed: 733717519195062575

259 greynaab the Conjurer (level 6, -3/44 HPs)
             Began as a Gnoll Conjurer on June 6, 2022.
             Slain by Duvessa
             ... wielding a +0 short sword
              (13 damage)
             ... on level 4 of the Dungeon.
             The game lasted 00:13:38 (3076 turns).

greynaab the Conjurer (Gnoll Conjurer)              Turns: 3076, Time: 00:13:39

Health: -3/44      AC:  3    Str:  8    XL:     6   Next: 17%
Magic:  5/13       EV: 13    Int: 18    God:
Gold:   167        SH:  0    Dex: 10    Spells: 7/15 levels left

rFire   . . .      SeeInvis .   a - +0 whip
rCold   . . .      Faith    .   (no shield)
rNeg    . . .      Spirit   .   d - +0 robe
rPois   .          Reflect  .   (no helmet)
rElec   .          Harm     .   (no cloak)
rCorr   .          Rampage  .   h - +0 pair of gloves
Will    .....                   (no boots)
Stlth   ++........              (no amulet)
HPRegen 0.14/turn               (no ring)
MPRegen 0.13/turn               (no ring)

@: mighty
A: fangs 1, strong nose, distributed training
a: no special abilities


You were on level 4 of the Dungeon.
You visited 1 branch of the dungeon, and saw 4 of its levels.
You also visited: Sewer.

You collected 167 gold pieces.

Inventory:

Hand Weapons
 a - a +0 whip (weapon)
 b - a +0 hunting sling
Missiles
 e - 130 stones
 n - 6 poisoned darts (quivered)
Armour
 c - +0 fire dragon scales
 d - a +0 robe (worn)
 h - a +0 pair of gloves (worn)
Jewellery
 t - an amulet of reflection
Scrolls
 j - 3 scrolls of teleportation
 l - 2 scrolls of enchant weapon
 o - a scroll of vulnerability
 w - a scroll of fog
Potions
 f - a potion of curing {unknown}
 g - a potion of haste {unknown}
 i - 2 potions of might
 k - 2 potions of flight {unknown}
 m - a potion of magic
 p - a potion of heal wounds {unknown}
 q - a potion of degeneration {unknown}
 r - a potion of berserk rage {unknown}
 s - a potion of invisibility {unknown}
 v - a potion of mutation {unknown}


   Skills:
 + Level 1.8 Fighting
 + Level 1.8 Short Blades
 + Level 1.8 Long Blades
 + Level 1.8 Axes
 + Level 1.8 Maces & Flails
 + Level 1.8 Polearms
 + Level 1.8 Staves
 + Level 1.8 Slings
 + Level 1.8 Bows
 + Level 1.8 Crossbows
 + Level 1.8 Throwing
 + Level 1.8 Armour
 + Level 4.9 Dodging
 + Level 4.5 Stealth
 + Level 1.8 Shields
 + Level 1.8 Unarmed Combat
 + Level 5.3 Spellcasting
 + Level 7.2 Conjurations
 + Level 1.4 Hexes
 + Level 1.4 Summonings
 + Level 1.4 Necromancy
 + Level 1.4 Translocations
 + Level 1.4 Transmutations
 + Level 1.4 Fire Magic
 + Level 1.4 Ice Magic
 + Level 1.4 Air Magic
 + Level 1.4 Earth Magic
 + Level 1.4 Poison Magic
 + Level 2.0 Invocations
 + Level 1.8 Evocations


You had 7 spell levels left.
You knew the following spells:

 Your Spells              Type           Power      Damage    Failure   Level
a - Magic Dart            Conj           100%       1d8       1%          1
b - Foxfire               Conj/Fire      80%        2x1d8     2%          1
c - Mephitic Cloud        Conj/Pois/Air  16%        N/A       10%         3
d - Ignite Poison         Fire/Tmut/Pois 9%         N/A       22%         3

Your spell library contained the following spells:

 Spells                   Type           Power      Damage    Failure   Level
 Searing Ray              Conj           60%        2d6       1%          2
 Conjure Flame            Conj/Fire      20%        6-21      6%          3
 Dazzling Flash           Conj/Hex       40%        N/A       6%          3
 Freeze                   Ice            36%        1d6       7%          1
 Ensorcelled Hibernation  Hex/Ice        18%        N/A       11%         2
 Frozen Ramparts          Ice            18%        1d3       22%         3
 Inner Flame              Hex/Fire       9%         N/A       22%         3
 Spider Form              Tmut/Pois      9%         N/A       22%         3
 Flame Wave               Conj/Fire      20%        2d7       22%         4
 Fulminant Prism          Conj/Hex       10%        3d9       22%         4
 Hailstorm                Conj/Ice       20%        3d6       22%         4
 Iskenderun's Mystic Bla  Conj/Tloc      20%        2d6       22%         4
 Anguish                  Hex/Necr       4%         N/A       56%         4
 Freezing Cloud           Conj/Ice/Air   8%         6-21      65%         5


Dungeon Overview and Level Annotations

Branches:
Dungeon (4/15)              Sewer (visited)
 Temple: D:4-7

Altars:

Shops:
D:1 *   D:2 [

Annotations:
D:4 Duvessa


Innate Abilities, Weirdness & Mutations

You have very sharp teeth.
Your uncanny sense of smell can sniff out nearby items.
Your experience applies equally to all skills.


Message History

You ignite the poison in your surroundings!
Duvessa is engulfed in blazing flames.
Dowan is engulfed in blazing flames.
Unknown command.
Aiming: Magic Dart (safe; 1% risk of failure)
Press: ? - help, Q - select action, (/) - cycle Shift-Dir - straight line, f/p - Duvessa
Aim: Duvessa, wielding a +0 short sword and wearing a +0 chain mail (moderately wounded, 100% to hit)
Okay, then.
Throw: 7 darts (poison)
Press: ? - help, Q - select action, (/) - cycle Shift-Dir - straight line, f/p - Duvessa
Aim: Duvessa, wielding a +0 short sword and wearing a +0 chain mail (moderately wounded, 67% to hit)
You throw a poisoned dart. The poisoned dart hits Duvessa.
Duvessa is poisoned.
Duvessa is moderately wounded.
Duvessa hits you with a +0 short sword.
Dowan is engulfed in blazing flames.
You kill Dowan!
Duvessa screams, "No!
How DARE you!"
Duvessa goes berserk!
Your Invocations skill increases to level 2!
You have reached level 6!
Throw: 6 darts (poison)
Press: ? - help, Q - select action, (/) - cycle Shift-Dir - straight line, f/p - Duvessa
Aim: Duvessa, wielding a +0 short sword and wearing a +0 chain mail (moderately wounded, berserk, poisoned, 67% to hit)
Okay, then.
Casting: Magic Dart (safe; 1% risk of failure)
Confirm with . or Enter, or press ? or * to list all spells.
You conjure some foxfire!
Duvessa hits you with a +0 short sword! x2
* * * LOW HITPOINT WARNING * * *
Unknown command.
Unknown command.
Okay, then.
Unknown command.
Unknown command.
Unknown command.
It was a potion of might.
You feel very mighty all of a sudden.
The foxfire hits Duvessa but does no damage.
Duvessa is moderately wounded.
The foxfire hits Duvessa but does no damage.
Duvessa is moderately wounded.
Duvessa hits you with a +0 short sword!
You die...

############## #.......§....#
#......@.....# #....###e....#
########....#≈#○°...#
.......'....#.#°....#
########....#≈#.....#
#....#≈#.....# #.†..#≈#.....#
#######..##≈#######
..........#≈#....############


You could see Duvessa (berserk, poisoned).

Vanquished Creatures
  Dowan (D:4)
  An orc wizard (D:3)
  A hell rat (Sewer)
  A gnoll (D:2)
  7 adders
  2 worms
  3 dart slugs (D:1)
  5 orcs
  6 bats
  7 endoplasms
  A giant cockroach (D:3)
  4 hobgoblins
  3 quokkas
  7 ball pythons
  4 frilled lizards
  7 goblins
  8 kobolds
  12 rats
80 creatures vanquished.

Vanquished Creatures (others)
  56 foxfires
  3 plants (D:2)
59 creatures vanquished.

Grand Total: 139 creatures vanquished

Notes
Turn   | Place    | Note
-------+----------+-------------------------------------------
     0 | D:1      | greynaab the Gnoll Conjurer began the quest for the Orb.
     0 | D:1      | Reached XP level 1. HP: 13/13 MP: 6/6
   193 | D:1      | Reached XP level 2. HP: 19/19 MP: 0/7
   558 | D:1      | Found a faded altar of an unknown god.
   611 | D:1      | Found Oxerurgh's Assorted Antiques.
   815 | D:1      | Reached XP level 3. HP: 25/25 MP: 7/9
   966 | D:2      | Reached skill level 5 in Spellcasting
   968 | D:2      | Learned a level 1 spell: Foxfire
  1170 | D:2      | Reached skill level 1 in Invocations
  1207 | D:2      | Found Xefrer's Antique Armour Shoppe.
  1315 | D:2      | Reached skill level 1 in Fighting
  1315 | D:2      | Reached skill level 1 in Short Blades
  1315 | D:2      | Reached skill level 1 in Long Blades
  1315 | D:2      | Reached skill level 1 in Axes
  1315 | D:2      | Reached skill level 1 in Maces & Flails
  1315 | D:2      | Reached skill level 1 in Polearms
  1315 | D:2      | Reached skill level 1 in Staves
  1315 | D:2      | Reached skill level 1 in Slings
  1315 | D:2      | Reached skill level 1 in Bows
  1315 | D:2      | Reached skill level 1 in Crossbows
  1315 | D:2      | Reached skill level 1 in Throwing
  1315 | D:2      | Reached skill level 1 in Armour
  1315 | D:2      | Reached skill level 1 in Shields
  1315 | D:2      | Reached skill level 1 in Unarmed Combat
  1315 | D:2      | Reached skill level 1 in Evocations
  1319 | D:2      | Reached XP level 4. HP: 19/32 MP: 2/11
  1816 | D:3      | Reached skill level 1 in Hexes
  1816 | D:3      | Reached skill level 1 in Summonings
  1816 | D:3      | Reached skill level 1 in Necromancy
  1816 | D:3      | Reached skill level 1 in Translocations
  1816 | D:3      | Reached skill level 1 in Transmutations
  1816 | D:3      | Reached skill level 1 in Fire Magic
  1816 | D:3      | Reached skill level 1 in Ice Magic
  1816 | D:3      | Reached skill level 1 in Air Magic
  1816 | D:3      | Reached skill level 1 in Earth Magic
  1816 | D:3      | Reached skill level 1 in Poison Magic
  2230 | D:3      | Learned a level 3 spell: Mephitic Cloud
  2234 | D:3      | Learned a level 3 spell: Ignite Poison
  2298 | D:3      | Reached XP level 5. HP: 37/37 MP: 7/12
  2864 | D:4      | Found a glowing drain.
  2873 | Sewer    | Entered a sewer
  3071 | D:4      | Noticed Duvessa
  3071 | D:4      | Noticed Dowan
  3074 | D:4      | Killed Dowan
  3075 | D:4      | Reached XP level 6. HP: 37/44 MP: 6/13
  3076 | D:4      | Slain by Duvessa

Illustrated notes

Levels and vault maps discovered:
D:1:      saegor_arrival_simple_a, layout_basic, serial_shops,
          nicolae_shop_advertising_works [nicolae_subvault_shop_adworks],
          ebering_ecumenical_altar_webs, minmay_split_cup_large
D:2:      layout_rooms, serial_shops, nicolae_shop_overgrown_old_shop,
          minmay_pentomino_u4
D:3:      layout_basic
D:4:      layout_basic, portal_sewer_entry_d, uniq_duvessa

Skill      XL: |  1  2  3  4  5 |
---------------+----------------+-----
Spellcasting   | 5 |  5.3
Invocations    | 1 2 |  2.0
Fighting       | 1 |  1.8
Short Blades   | 1 |  1.8
Long Blades    | 1 |  1.8
Axes           | 1 |  1.8
Maces & Flails | 1 |  1.8
Polearms       | 1 |  1.8
Staves         | 1 |  1.8
Slings         | 1 |  1.8
Bows           | 1 |  1.8
Crossbows      | 1 |  1.8
Throwing       | 1 |  1.8
Armour         | 1 |  1.8
Shields        | 1 |  1.8
Unarmed Combat | 1 |  1.8
Evocations     | 1 |  1.8
Hexes          | 1 |  1.4
Summonings     | 1 |  1.4
Necromancy     | 1 |  1.4
Translocations | 1 |  1.4
Transmutations | 1 |  1.4
Fire Magic     | 1 |  1.4
Ice Magic      | 1 |  1.4
Air Magic      | 1 |  1.4
Earth Magic    | 1 |  1.4
Poison Magic   | 1 |  1.4
Dodging        | |  4.9
Stealth        | |  4.5
Conjurations   | |  7.2

Action                   |  1- 3 |  4- 6 || total
-------------------------+-------+-------++-------
Melee: Whip              |     5 |     1 ||     6
       Bite              |     1 |       ||     1
 Fire: Hunting sling     |     1 |       ||     1
Throw: Dart              |       |     1 ||     1
 Cast: Magic Dart        |    54 |    73 ||   127
       Foxfire           |     5 |    25 ||    30
       Mephitic Cloud    |       |     1 ||     1
       Ignite Poison     |       |     1 ||     1
  Use: Scroll            |       |     7 ||     7
       Potion            |       |     1 ||     1
Armor: Robe              |       |     2 ||     2
Dodge: Dodged            |     8 |     8 ||    16

Table legend: (Time is in decaauts)
 A = Elapsed time spent in this place.
 B = Non-inter-level travel time spent in this place.
 C = Inter-level travel time spent in this place.
 D = Time resting spent in this place.
 E = Time spent auto-exploring this place.
 F = Levels seen in this place.
 G = Mean time per level.
                   A        B        C        D        E       F      G
               +--------+--------+--------+--------+--------+-----+--------+
         Total |   3092 |   2942 |    150 |    209 |   2154 |   5 |  618.4 |
       Dungeon |   2935 |   2785 |    150 |    136 |   2120 |   4 |  733.8 |
         Sewer |    157 |    157 |      0 |     73 |     34 |   1 |  157.0 |
               +--------+--------+--------+--------+--------+-----+--------+

Top non-repeatable levels by time:
     D:3: 965 daAuts
     D:1: 962 daAuts
     D:2: 739 daAuts
     D:4: 267 daAuts
   Sewer: 157 daAuts
